[Event "ICC tourney 2257 (45 10)"]
[Site "Internet Chess Club"]
[Date "2020.12.30"]
[Round "1"]
[White "czw1"]
[Black "trucker"]
[Result "0-1"]
[ICCResult "White checkmated"]
[WhiteElo "1356"]
[BlackElo "1610"]
[Opening "Scotch: Romanishin variation"]
[ECO "C45"]
[NIC "SO.05"]
[Time "11:02:06"]
[PlyCount "136"]
[TimeControl "2700+10"]

1. e4 e5 2. Nf3 Nc6 3. d4 exd4 4. Nxd4 Bc5 5. Nb3 Bb4+ 6. Bd2 Bxd2+ 7. Qxd2
Nf6 8. Nc3 O-O 9. O-O-O d6 10. Bb5 Bd7 11. f3 h6 12. h4 Ne5 13. Bxd7 Qxd7
14. Nd4 Kh7 15. Qf2 a6 16. g4 Nc6 17. g5 Ng8 18. Rdg1 h5 19. f4 g6 20. Nd5
Rae8 21. Re1 Nxd4 22. Qxd4 c6 23. Nc3 Ne7 24. Rd1 Nc8 25. e5 Re6 26. Ne4
Qd8 27. exd6 c5 28. Nf6+ Kh8 29. Qc3 Rxf6 30. Qxf6+ Kg8 31. Qxd8 Rxd8 32.
Rh2 Rxd6 33. Rxd6 Nxd6 34. Rd2 Nf5 35. Rd8+ Kg7 36. Rd7 Nxh4 37. Rxb7 Ng2
38. Rc7 Nxf4 39. Rxc5 Ne6 40. Ra5 f6 41. gxf6+ Kxf6 42. Kd2 g5 43. Ke3 h4
44. Kf2 Kg6 45. b4 Kh5 46. b5 axb5 47. Rxb5 Kg4 48. Rb3 h3 49. Rg3+ Kh4 50.
Re3 Nf4 51. Kg1 g4 52. Kh2 Nh5 53. a4 g3+ 54. Rxg3 Nxg3 55. a5 Nf1+ 56. Kg1
Kg3 57. a6 h2+ 58. Kxf1 h1=Q+ 59. Ke2 Qa8 60. a7 Qxa7 61. Kd3 Qc5 62. c4
Kf3 63. Kc3 Ke3 64. Kb3 Kd3 65. Kb2 Qxc4 66. Ka3 Qb5 67. Ka2 Kc3 68. Ka1
Qb2# { White checkmated } 0-1

[Event "ICC tourney 2257 (45 10)"]
[Site "Internet Chess Club"]
[Date "2020.12.30"]
[Round "1"]
[White "edenhe"]
[Black "beibeiolivia"]
[Result "1/2-1/2"]
[ICCResult "Game drawn by mutual agreement"]
[WhiteElo "1518"]
[BlackElo "1264"]
[Opening "Queen's gambit declined"]
[ECO "D30"]
[NIC "QP.08"]
[Time "11:01:26"]
[PlyCount "204"]
[TimeControl "2700+10"]

1. d4 d5 2. c4 e6 3. Nf3 Nf6 4. Bf4 c5 5. e3 Nc6 6. Nc3 Bd6 7. Bxd6 Qxd6 8.
cxd5 exd5 9. dxc5 Qxc5 10. Bb5 O-O 11. O-O Bg4 12. Bxc6 bxc6 13. Rc1 Qd6
14. h3 Bh5 15. Qd3 Bxf3 16. gxf3 Qe6 17. Kh2 Rfe8 18. Ne2 Qd6+ 19. Kh1 Re5
20. Rg1 Rh5 21. Nf4 Rh6 22. Qd4 Kh8 23. Rg5 Rg8 24. b4 Nd7 25. a3 Nb6 26.
Rg3 Nc4 27. Rcg1 Qf6 28. Qxa7 Nd6 29. Rg5 Nb5 30. Qc5 g6 31. a4 Nc7 32.
R1g3 Qa1+ 33. Kg2 Qxa4 34. Qd4+ Rg7 35. Qe5 Qa7 36. Nh5 Ne6 37. Nxg7 Nxg7
38. Qf6 Qd7 39. Re5 Kg8 40. Re7 Qf5 41. Qxf5 Nxf5 42. Re8+ Kg7 43. Rg4 Rh5
44. Rc8 Ne7 45. Rc7 Re5 46. Kf1 Kf8 47. Ke2 Ke8 48. Kd3 Kd8 49. Ra7 Rh5 50.
h4 Ke8 51. Rc7 Kd8 52. Ra7 Ke8 53. Ra8+ Kd7 54. Rf4 Nf5 55. Ra7+ Ke6 56.
Rc7 Ne7 57. Kd4 Kd6 58. Ra7 Nf5+ 59. Kd3 Ke6 60. Rc7 Ne7 61. e4 f6 62.
exd5+ Rxd5+ 63. Kc4 Kd6 64. Ra7 f5 65. Rd4 h5 66. Rxd5+ cxd5+ 67. Kd3 Nc6
68. Rb7 Ne5+ 69. Ke3 d4+ 70. Ke2 d3+ 71. Kd2 Kc6 72. Rb8 Nxf3+ 73. Kxd3
Nxh4 74. Ke3 g5 75. Rg8 Ng2+ 76. Kf3 Nh4+ 77. Kg3 f4+ 78. Kh2 g4 79. Rh8
Nf3+ 80. Kg2 h4 81. Rg8 h3+ 82. Kh1 Ne5 83. Rg5 Nd3 84. b5+ Kb6 85. Kg1 h2+
86. Kxh2 Nxf2 87. Kg2 g3 88. Rf5 Nd3 89. Kf3 Ka5 90. Rd5 Nb4 91. Rd4 Kxb5
92. Rxf4 Nd3 93. Rf5+ Kc4 94. Kxg3 Kd4 95. Rf8 Ne5 96. Re8 Kd5 97. Kf4 Nf7
98. Re7 Nd6 99. Re5+ Kc6 100. Re6 Kd5 101. Re5+ Kc6 102. Rh5 Kd7 { Game
drawn by mutual agreement } 1/2-1/2

[Event "ICC tourney 2257 (45 10)"]
[Site "Internet Chess Club"]
[Date "2020.12.30"]
[Round "1"]
[White "GoIrish"]
[Black "ParthP2003"]
[Result "0-1"]
[ICCResult "White forfeits on time"]
[WhiteElo "1486"]
[BlackElo "1709"]
[Opening "Réti opening"]
[ECO "A04"]
[NIC "QP.10"]
[Time "11:01:46"]
[PlyCount "100"]
[TimeControl "2700+10"]

1. Nf3 c5 2. g3 Nf6 3. Bg2 g6 4. O-O Bg7 5. d3 O-O 6. Nbd2 Nc6 7. e4 d6 8.
Rb1 Be6 9. h3 Bxa2 10. Ra1 Be6 11. c3 Qc8 12. Kh2 a5 13. Ng5 Bd7 14. Nc4
Qc7 15. Be3 h6 16. Nf3 Be6 17. Ncd2 Rfc8 18. Qe2 Ne5 19. Rfc1 c4 20. d4 Nd3
21. Rcb1 a4 22. Ne1 Nxe1 23. Qxe1 Bd7 24. Rd1 Rab8 25. Nb1 b5 26. Qe2 e6
27. f4 d5 28. Nd2 dxe4 29. Nxe4 Nxe4 30. Bxe4 Bc6 31. d5 exd5 32. Bxd5 Bxd5
33. Rxd5 Re8 34. Qf3 Qc6 35. Rad1 Rbd8 36. Rxd8 Qxf3 37. Rxe8+ Kh7 38. Rd2
a3 39. bxa3 Bxc3 40. Rf2 Qd5 41. Bc1 Kg7 42. Rfe2 h5 43. R2e3 Bf6 44. Kg1
Bd4 45. Kh2 Bxe3 46. Bb2+ Bd4 47. Bc1 Bc3 48. Be3 Qd3 49. Kg2 Kh7 50. Kf3
Bd2 { White forfeits on time } 0-1

[Event "ICC tourney 2257 (45 10)"]
[Site "Internet Chess Club"]
[Date "2020.12.30"]
[Round "1"]
[White "ChemStud24"]
[Black "yuanbao2007"]
[Result "1/2-1/2"]
[ICCResult "Game drawn because neither player has mating material"]
[WhiteElo "1434"]
[BlackElo "1664"]
[Opening "French: MacCutcheon, Lasker variation"]
[ECO "C12"]
[NIC "FR.05"]
[Time "11:02:01"]
[PlyCount "149"]
[TimeControl "2700+10"]

1. e4 e6 2. d4 d5 3. Nc3 Nf6 4. Bg5 Bb4 5. e5 h6 6. Bd2 Bxc3 7. bxc3 Ne4 8.
Qg4 Kf8 9. h4 c5 10. Rh3 Nc6 11. Bd3 Nxd2 12. Kxd2 Bd7 13. Rg3 g5 14. Nh3
h5 15. Qxg5 Qxg5+ 16. Rxg5 cxd4 17. cxd4 Nxd4 18. Nf4 Nc6 19. Nxh5 Ke7 20.
Rb1 b6 21. Bb5 Na5 22. Bxd7 Nc4+ 23. Kd3 Kxd7 24. Nf6+ Ke7 25. h5 Nxe5+ 26.
Rxe5 Kxf6 27. f4 Rag8 28. Rg1 Rg3+ 29. Ke2 Ra3 30. Ra1 Rg8 31. Kf2 Rc8 32.
Rc1 Rxa2 33. g4 Rcxc2+ 34. Rxc2 Rxc2+ 35. Kg3 Kg7 36. Rg5+ Kh7 37. f5 Kh6
38. Rg8 exf5 39. Kh4 fxg4 40. Rf8 Rc7 41. Kxg4 Rc4+ 42. Kg3 Kxh5 43. Rxf7
Ra4 44. Rf5+ Kg6 45. Rxd5 Kf6 46. Kf3 Ke6 47. Rh5 Kd6 48. Ke3 Kc6 49. Kd3
Ra3+ 50. Kc4 Kb7 51. Kb4 Rg3 52. Rh7+ Ka6 53. Ka4 Rg4+ 54. Kb3 b5 55. Rh6+
Ka5 56. Rh5 Rg3+ 57. Ka2 Ka4 58. Rh4+ b4 59. Kb2 a5 60. Rf4 Rg2+ 61. Kb1
Ka3 62. Rf3+ b3 63. Rf1 a4 64. Rd1 b2 65. Rd3+ Kb4 66. Rb3+ Kc4 67. Rxb2
Rg1+ 68. Ka2 Kc3 69. Rb1 Rg2+ 70. Ka3 Rg4 71. Rc1+ Kd2 72. Rb1 Kc2 73. Rb4
Rxb4 74. Kxb4 a3 75. Kxa3 { Game drawn because neither player has mating
material } 1/2-1/2

[Event "ICC tourney 2257 (45 10)"]
[Site "Internet Chess Club"]
[Date "2020.12.30"]
[Round "2"]
[White "JackOliver"]
[Black "eliwilner"]
[Result "1-0"]
[ICCResult "Black resigns"]
[WhiteElo "1449"]
[BlackElo "1333"]
[Opening "Queen's bishop game"]
[ECO "A45"]
[NIC "QP.07"]
[Time "13:31:46"]
[PlyCount "35"]
[TimeControl "2700+10"]

1. d4 Nf6 2. Bf4 d5 3. Nf3 e6 4. e3 Nbd7 5. c3 c5 6. Bd3 b6 7. O-O a5 8. a4
Ba6 9. Bxa6 Rxa6 10. Na3 Be7 11. Nb5 O-O 12. Qe2 Ra8 13. Rad1 Nh5 14. Bg3
Nxg3 15. hxg3 Nf6 16. Ne5 Nd7 17. Nc6 Qc8 18. Nxe7+ { Black resigns } 1-0

[Event "ICC tourney 2257 (45 10)"]
[Site "Internet Chess Club"]
[Date "2020.12.30"]
[Round "2"]
[White "Neal-Li"]
[Black "al68067"]
[Result "1-0"]
[ICCResult "Black resigns"]
[WhiteElo "1551"]
[BlackElo "1091"]
[Opening "Queen's bishop game"]
[ECO "D02"]
[NIC "QP.08"]
[Time "13:32:01"]
[PlyCount "73"]
[TimeControl "2700+10"]

1. d4 d5 2. Nf3 Nf6 3. Bf4 Bf5 4. e3 e6 5. Nbd2 c5 6. c3 Nc6 7. Be2 Bd6 8.
Ne5 O-O 9. h3 cxd4 10. exd4 Ne4 11. Nxe4 Bxe4 12. Nxc6 bxc6 13. Bxd6 Qxd6
14. Rg1 Rab8 15. Qd2 c5 16. dxc5 Qxc5 17. h4 Rb6 18. g4 Rfb8 19. b3 h6 20.
Rd1 Qe7 21. g5 hxg5 22. hxg5 Rc8 23. Rg4 Qd6 24. Rxe4 dxe4 25. Qxd6 Rxd6
26. Rxd6 Rxc3 27. Kd2 Rc5 28. g6 fxg6 29. Rxe6 Ra5 30. a4 Rd5+ 31. Ke3 Kf7
32. Rxe4 g5 33. Bc4 Kf6 34. Bxd5 Kf5 35. Bc4 g6 36. Re7 g4 37. Rxa7 { Black
resigns } 1-0

[Event "ICC tourney 2257 (45 10)"]
[Site "Internet Chess Club"]
[Date "2020.12.30"]
[Round "2"]
[White "RobloxMadCity"]
[Black "JonesGill"]
[Result "1-0"]
[ICCResult "Black checkmated"]
[WhiteElo "1420"]
[BlackElo "1228"]
[Opening "KP: Nimzovich defense"]
[ECO "B00"]
[NIC "VO.05"]
[Time "13:32:24"]
[PlyCount "113"]
[TimeControl "2700+10"]

1. e4 Nc6 2. Nf3 d5 3. exd5 Qxd5 4. Nc3 Qh5 5. Be2 Bg4 6. O-O Nf6 7. d3 e5
8. Re1 O-O-O 9. h3 Bb4 10. Bd2 Rhe8 11. hxg4 Nxg4 12. Ne4 Bxd2 13. Qxd2 Nd4
14. Qg5 Qxg5 15. Nexg5 Nxc2 16. Nxf7 Rd7 17. N7g5 Nxa1 18. Rxa1 Nf6 19. Rc1
Nd5 20. a3 Nf4 21. Bf1 h6 22. Ne4 Nxd3 23. Bxd3 Rxd3 24. Kf1 Rb3 25. Nd6+
Kd7 26. Nxe8 Kxe8 27. Rc2 e4 28. Nd2 Rd3 29. Nxe4 c6 30. Re2 Kd8 31. Rd2
Rxd2 32. Nxd2 Kd7 33. Ke2 Ke6 34. Ke3 Kd5 35. Kd3 c5 36. b3 b5 37. Nf3 g5
38. Nd2 a5 39. Nf1 c4+ 40. bxc4+ bxc4+ 41. Kc3 Kc5 42. Ne3 a4 43. Nxc4 Kd5
44. Nb2 Kc5 45. Nxa4+ Kb5 46. Nb2 Kc5 47. a4 Kb6 48. Kb4 Ka6 49. a5 Kb7 50.
Na4 Ka6 51. Nc5+ Ka7 52. a6 Kb8 53. Kb5 h5 54. Kb6 Ka8 55. a7 g4 56. Na6 h4
57. Nc7# { Black checkmated } 1-0

[Event "ICC tourney 2257 (45 10)"]
[Site "Internet Chess Club"]
[Date "2020.12.30"]
[Round "2"]
[White "lwaharte"]
[Black "michaelxiao"]
[Result "1-0"]
[ICCResult "Black checkmated"]
[WhiteElo "1473"]
[BlackElo "1318"]
[Opening "French: Rubinstein variation"]
[ECO "C10"]
[NIC "FR.07"]
[Time "13:31:44"]
[PlyCount "43"]
[TimeControl "2700+10"]

1. e4 e6 2. d4 d5 3. Nc3 dxe4 4. Nxe4 g6 5. Nf3 Bg7 6. c3 Nd7 7. Bb5 a6 8.
Ba4 b5 9. Bb3 Bb7 10. Neg5 h6 11. Nh3 Ngf6 12. Be3 a5 13. a3 a4 14. Ba2 Qe7
15. Qe2 e5 16. dxe5 Nxe5 17. Qxb5+ Bc6 18. Qxe5 Qxe5 19. Bxf7+ Ke7 20. Nxe5
Bxg2 21. O-O-O Bxh1 22. Bc5# { Black checkmated } 1-0

[Event "ICC tourney 2257 (45 10)"]
[Site "Internet Chess Club"]
[Date "2020.12.30"]
[Round "2"]
[White "bluntjackson"]
[Black "ElijahL2020"]
[Result "1-0"]
[ICCResult "Black resigns"]
[WhiteElo "1473"]
[BlackElo "1311"]
[Opening "Queen's pawn: London system"]
[ECO "A45"]
[NIC "QP.07"]
[Time "13:31:38"]
[PlyCount "79"]
[TimeControl "2700+10"]

1. d4 Nf6 2. Bf4 d5 3. e3 e6 4. Nf3 Nc6 5. c3 Bd6 6. Bg3 Qe7 7. Qb3 b6 8.
Bb5 Bd7 9. Qa4 Nb8 10. Ne5 Bxe5 11. Bxe5 Bxb5 12. Qxb5+ c6 13. Qa4 Qd7 14.
Nd2 b5 15. Qc2 Qe7 16. O-O Nbd7 17. Nf3 Ng4 18. Bxg7 Rg8 19. Qxh7 O-O-O 20.
h3 Ngf6 21. Bxf6 Nxf6 22. Qd3 Ne4 23. a4 Qb7 24. axb5 cxb5 25. Ra5 Rg7 26.
Rfa1 Rdg8 27. g4 f5 28. Rxb5 Qc7 29. Rba5 fxg4 30. Qa6+ Kd8 31. hxg4 Rxg4+
32. Kf1 Rg2 33. Qxe6 Rxf2+ 34. Ke1 Rh8 35. Rxd5+ Qd6 36. Rxd6+ Kc7 37.
Rxa7+ Kb8 38. Rb7+ Ka8 39. Ra6+ Kxb7 40. Rb6+ { Black resigns } 1-0

[Event "ICC tourney 2257 (45 10)"]
[Site "Internet Chess Club"]
[Date "2020.12.30"]
[Round "2"]
[White "fromdaus214"]
[Black "beibeiolivia"]
[Result "1-0"]
[ICCResult "Black checkmated"]
[WhiteElo "1464"]
[BlackElo "1264"]
[Opening "Scotch opening"]
[ECO "C44"]
[NIC "KP.10"]
[Time "13:32:28"]
[PlyCount "111"]
[TimeControl "2700+10"]

1. e4 e5 2. Nf3 Nc6 3. d4 d6 4. dxe5 dxe5 5. Qxd8+ Kxd8 6. Bc4 Be6 7. Bxe6
fxe6 8. Ng5 Ke7 9. O-O Nf6 10. Nc3 Nd4 11. Be3 h6 12. Nf3 Nxc2 13. Rac1
Nxe3 14. fxe3 Nd7 15. Nb5 c6 16. Nc7 Rc8 17. Nh4 Kd8 18. Nxe6+ Ke8 19. Ng6
Rg8 20. Nexf8 Nxf8 21. Nxe5 Rc7 22. Rf4 Re7 23. Rxf8+ Rxf8 24. Ng6 Rxe4 25.
Nxf8 Kxf8 26. Rf1+ Ke7 27. Kf2 Rc4 28. Kg3 Ke6 29. b3 Rc2 30. Rf2 Rc3 31.
Kf3 Ke5 32. Rd2 Ke6 33. Rd8 Rc2 34. Rb8 b5 35. Rb7 Rxa2 36. Rxg7 Kf6 37.
Rc7 Ra6 38. Ke4 Kg5 39. h3 Ra2 40. Kf3 Ra3 41. Rxc6 Rxb3 42. h4+ Kxh4 43.
Rc5 Rxe3+ 44. Kxe3 b4 45. Rc4+ Kg3 46. Rxb4 h5 47. Ra4 h4 48. Rxa7 Kxg2 49.
Ra2+ Kg3 50. Ra6 h3 51. Rg6+ Kh2 52. Kf2 Kh1 53. Rc6 Kh2 54. Rb6 Kh1 55.
Kg3 h2 56. Rb1# { Black checkmated } 1-0

[Event "ICC tourney 2257 (45 10)"]
[Site "Internet Chess Club"]
[Date "2020.12.30"]
[Round "2"]
[White "IveDoneEnough"]
[Black "marinaxiao"]
[Result "1-0"]
[ICCResult "Black resigns"]
[WhiteElo "1645"]
[BlackElo "1556"]
[Opening "Sicilian: Pelikan, Chelyabinsk variation"]
[ECO "B33"]
[NIC "SI.37"]
[Time "13:31:46"]
[PlyCount "95"]
[TimeControl "2700+10"]

1. e4 c5 2. Nf3 Nc6 3. d4 cxd4 4. Nxd4 Nf6 5. Nc3 e5 6. Ndb5 d6 7. Bg5 a6
8. Na3 b5 9. Nd5 Be7 10. Bxf6 Bxf6 11. Bd3 O-O 12. O-O Bg5 13. c4 b4 14.
Nc2 a5 15. b3 Be6 16. a3 bxa3 17. Rxa3 Ne7 18. f4 exf4 19. Nxf4 Qd7 20. Nd5
Nxd5 21. exd5 Bg4 22. Qe1 Qd8 23. Qg3 f5 24. h3 Bh4 25. Qh2 Bh5 26. Bxf5
Kh8 27. Kh1 Be2 28. Rf4 Qg5 29. g4 Bd3 30. Nd4 Bxf5 31. Nxf5 Rae8 32. Ra1
Re3 33. Nxe3 Rxf4 34. Nf5 h6 35. Nxh4 Qxh4 36. Qxf4 Qxh3+ 37. Kg1 Qxb3 38.
Re1 Qb6+ 39. Kh1 Qd8 40. Re6 a4 41. Rxd6 Qh4+ 42. Kg2 a3 43. Ra6 Qe7 44.
Ra8+ Kh7 45. Qf5+ g6 46. Qe6 Qxe6 47. dxe6 Kg7 48. e7 { Black resigns } 1-0

[Event "ICC tourney 2257 (45 10)"]
[Site "Internet Chess Club"]
[Date "2020.12.30"]
[Round "2"]
[White "trucker"]
[Black "SeannDSpeyer"]
[Result "1-0"]
[ICCResult "Black checkmated"]
[WhiteElo "1610"]
[BlackElo "1279"]
[Opening "French: Winawer, advance variation"]
[ECO "C18"]
[NIC "FR.11"]
[Time "13:32:09"]
[PlyCount "121"]
[TimeControl "2700+10"]

1. e4 e6 2. d4 d5 3. Nc3 Bb4 4. e5 c5 5. a3 Bxc3+ 6. bxc3 Nc6 7. Qg4 Nge7
8. Qxg7 Rg8 9. Qxh7 cxd4 10. cxd4 Nxd4 11. Qd3 Ndc6 12. f4 Ng6 13. Nf3 Bd7
14. Rb1 Rb8 15. g3 Qe7 16. Bd2 f6 17. exf6 Qxf6 18. Bg2 a6 19. O-O b5 20.
a4 bxa4 21. Qxa6 Rxb1 22. Rxb1 Nd4 23. Rb8+ Kf7 24. Ng5+ Kg7 25. Rxg8+ Kxg8
26. Bxd5 Nxc2 27. Bxe6+ Bxe6 28. Qxe6+ Qxe6 29. Nxe6 a3 30. Bc3 Ne7 31. Kf2
Nd5 32. Be5 Nce3 33. Nc5 Nd1+ 34. Kf3 N1c3 35. Bxc3 Nxc3 36. g4 a2 37. Nb3
Nb1 38. Na1 Nd2+ 39. Ke2 Ne4 40. Ke3 Nf6 41. h3 Kg7 42. Kd4 Kg6 43. Ke5
Nd7+ 44. Kd6 Nf6 45. Ke6 Ne4 46. h4 Nf2 47. g5 Nh3 48. f5+ Kg7 49. Ke7 Nf4
50. f6+ Kg8 51. f7+ Kh7 52. h5 Nxh5 53. f8=Q Nf6 54. Qf7+ Kh8 55. Qxf6+ Kh7
56. g6+ Kh6 57. Qf7 Kh5 58. g7+ Kh6 59. Qf8 Kh5 60. g8=Q Kh4 61. Qh6# {
Black checkmated } 1-0

[Event "ICC tourney 2257 (45 10)"]
[Site "Internet Chess Club"]
[Date "2020.12.30"]
[Round "2"]
[White "MajesticSnake"]
[Black "KawordianKnight"]
[Result "0-1"]
[ICCResult "White resigns"]
[WhiteElo "1217"]
[BlackElo "1553"]
[Opening "English opening"]
[ECO "A13"]
[NIC "EO.64"]
[Time "13:32:33"]
[PlyCount "80"]
[TimeControl "2700+10"]

1. c4 e6 2. g3 d5 3. Bg2 Nf6 4. cxd5 Nxd5 5. Nc3 c6 6. Nf3 Be7 7. O-O O-O
8. d4 Nd7 9. e4 Nxc3 10. bxc3 Nf6 11. Re1 Qa5 12. Bd2 Qh5 13. Ne5 Qxd1 14.
Raxd1 Nd7 15. Nxd7 Bxd7 16. Bf4 g5 17. Be3 b6 18. f4 h6 19. fxg5 hxg5 20.
c4 Rab8 21. Rb1 Bc8 22. a4 Ba6 23. Rec1 c5 24. d5 exd5 25. exd5 f5 26. a5
f4 27. gxf4 gxf4 28. Bd2 b5 29. cxb5 Rxb5 30. Rxb5 Bxb5 31. Bf1 Bxf1 32.
Rxf1 Bd6 33. Bc3 Rf5 34. Rd1 f3 35. Rd2 c4 36. Rd4 Bc5 37. d6 Rd5 38. Kf2
Bxd4+ 39. Bxd4 Rxd4 40. Kxf3 Rxd6 { White resigns } 0-1

[Event "ICC tourney 2257 (45 10)"]
[Site "Internet Chess Club"]
[Date "2020.12.30"]
[Round "2"]
[White "serenacool"]
[Black "andrewharris24"]
[Result "1-0"]
[ICCResult "Black resigns"]
[WhiteElo "1282"]
[BlackElo "1692"]
[Opening "Sicilian: Kan, 5.Nc3"]
[ECO "B43"]
[NIC "SI.41"]
[Time "13:32:33"]
[PlyCount "59"]
[TimeControl "2700+10"]

1. e4 c5 2. Nf3 e6 3. d4 cxd4 4. Nxd4 a6 5. Nc3 Qc7 6. Bd3 Bc5 7. Nb3 Be7
8. Qg4 Nf6 9. Qxg7 Rg8 10. Qh6 Rxg2 11. Bf4 Rg6 12. Qxg6 Qxf4 13. Qg3 Qxg3
14. hxg3 d6 15. e5 dxe5 16. Bxh7 Bd7 17. Be4 Nxe4 18. Rh8+ Bf8 19. Nxe4 Ke7
20. Rd1 Bc6 21. Ng5 Nd7 22. Nh7 Nf6 23. Nxf8 Rxf8 24. Rxf8 Kxf8 25. Rd8+
Ke7 26. Rc8 Ne8 27. Na5 Kd7 28. Rb8 Kc7 29. Nxc6 bxc6 30. Rxe8 { Black
resigns } 1-0

[Event "ICC tourney 2257 (45 10)"]
[Site "Internet Chess Club"]
[Date "2020.12.30"]
[Round "2"]
[White "edwinthomas"]
[Black "RishiMurali"]
[Result "1-0"]
[ICCResult "Black checkmated"]
[WhiteElo "1526"]
[BlackElo "1664"]
[Opening "Sicilian"]
[ECO "B54"]
[NIC "SI.01"]
[Time "13:31:37"]
[PlyCount "93"]
[TimeControl "2700+10"]

1. e4 c5 2. Nf3 d6 3. d4 cxd4 4. Nxd4 Nc6 5. Nc3 e5 6. Nf3 Nf6 7. h3 h6 8.
Be3 Be7 9. Bc4 O-O 10. Qd2 a6 11. a3 b5 12. Ba2 Bb7 13. O-O-O b4 14. axb4
Nxb4 15. Bd5 Qa5 16. Bb3 Rac8 17. Kb1 Nxe4 18. Nxe4 Bxe4 19. Ne1 Bxc2+ 20.
Nxc2 Rxc2 21. Qe1 Rc6 22. Rd5 Qxd5 23. Bxd5 Nxd5 24. Qd2 Nxe3 25. fxe3 Ra8
26. Rf1 a5 27. Qd5 Rcc8 28. Qxf7+ Kh8 29. Qxe7 a4 30. Rc1 Rcb8 31. Rc7 Rg8
32. Ra7 Rxa7 33. Qxa7 Rd8 34. Qxa4 d5 35. Qa5 Rd7 36. b4 d4 37. Qxe5 Rf7
38. Qe8+ Rf8 39. Qxf8+ Kh7 40. exd4 h5 41. d5 h4 42. d6 g5 43. d7 g4 44.
d8=Q g3 45. Qde7+ Kg6 46. Qff6+ Kh5 47. Qh7# { Black checkmated } 1-0

[Event "ICC tourney 2257 (45 10)"]
[Site "Internet Chess Club"]
[Date "2020.12.30"]
[Round "2"]
[White "ishaan11"]
[Black "ChemStud24"]
[Result "0-1"]
[ICCResult "White checkmated"]
[WhiteElo "1553"]
[BlackElo "1434"]
[Opening "Sicilian: Alapin's variation (2.c3)"]
[ECO "B22"]
[NIC "SI.46"]
[Time "13:31:54"]
[PlyCount "120"]
[TimeControl "2700+10"]

1. e4 c5 2. c3 Nc6 3. Nf3 d6 4. d4 cxd4 5. cxd4 e5 6. Nc3 Bg4 7. dxe5 dxe5
8. Be2 Qxd1+ 9. Bxd1 Nf6 10. O-O Bb4 11. Nd5 Nxd5 12. exd5 Bxf3 13. Bxf3
Nd4 14. Be3 Nxf3+ 15. gxf3 Ke7 16. Rac1 Bd6 17. a3 b6 18. Rc2 Rac8 19. Rfc1
Rxc2 20. Rxc2 Kd7 21. Kf1 Rc8 22. Rxc8 Kxc8 23. Ke2 f5 24. Kd3 Kd7 25. Kc4
f4 26. Bd2 Bc5 27. Be1 Kd6 28. a4 a6 29. h3 h6 30. h4 h5 31. b3 g6 32. b4
Bd4 33. b5 axb5+ 34. axb5 Bc5 35. Bb4 Bxb4 36. Kxb4 Kxd5 37. Kc3 Kc5 38.
Kd3 Kxb5 39. Ke4 Kc4 40. Kxe5 b5 41. Kxf4 b4 42. Kg5 b3 43. Kxg6 b2 44. f4
b1=Q+ 45. f5 Qb6+ 46. f6 Qe6 47. Kg7 Qg4+ 48. Kf8 Qxh4 49. f7 Qd8+ 50. Kg7
h4 51. f8=Q Qxf8+ 52. Kxf8 h3 53. f4 Kd5 54. Kf7 h2 55. f5 Ke5 56. f6 h1=R
57. Ke7 Ra1 58. f7 Ra7+ 59. Ke8 Ke6 60. f8=Q Ra8# { White checkmated } 0-1

[Event "ICC tourney 2257 (45 10)"]
[Site "Internet Chess Club"]
[Date "2020.12.30"]
[Round "2"]
[White "ScorpianFire7"]
[Black "IvSa"]
[Result "1/2-1/2"]
[ICCResult "Game drawn by mutual agreement"]
[WhiteElo "1503"]
[BlackElo "1655"]
[Opening "Two knights defense (Modern bishop's opening)"]
[ECO "C55"]
[NIC "IG.01"]
[Time "13:32:33"]
[PlyCount "55"]
[TimeControl "2700+10"]

1. e4 e5 2. Nf3 Nc6 3. Bc4 Nf6 4. d3 Be7 5. Nc3 Bb4 6. O-O Bxc3 7. bxc3 d6
8. h3 Na5 9. Bb3 Nxb3 10. cxb3 O-O 11. Re1 Re8 12. Qc2 d5 13. exd5 Qxd5 14.
c4 Qd6 15. Bb2 Bf5 16. Nxe5 Nd7 17. Nxd7 Qxd7 18. Qc3 f6 19. d4 c6 20. Rad1
Rac8 21. Rxe8+ Qxe8 22. Re1 Qd7 23. Qe3 Kf7 24. f4 h5 25. Qf3 g6 26. Qe3
Qd6 27. Kf2 Bd7 28. Qd2 { Game drawn by mutual agreement } 1/2-1/2

[Event "ICC tourney 2257 (45 10)"]
[Site "Internet Chess Club"]
[Date "2020.12.30"]
[Round "2"]
[White "crazyhorse9"]
[Black "audreykeyanli"]
[Result "0-1"]
[ICCResult "White resigns"]
[WhiteElo "1462"]
[BlackElo "1240"]
[Opening "Giuoco Piano"]
[ECO "C54"]
[NIC "IG.02"]
[Time "13:32:33"]
[PlyCount "86"]
[TimeControl "2700+10"]

1. e4 e5 2. Nf3 Nc6 3. Bc4 Bc5 4. c3 Nf6 5. d4 exd4 6. e5 d5 7. Bb5 Ne4 8.
cxd4 Be7 9. Nc3 Bf5 10. O-O a6 11. Ba4 O-O 12. Bb3 Nxc3 13. bxc3 Qd7 14.
Bc2 Bxc2 15. Qxc2 Rac8 16. Rb1 Na5 17. Be3 c5 18. Qe2 b5 19. Rbc1 Rfe8 20.
Rfd1 cxd4 21. cxd4 Nc4 22. Nd2 Qf5 23. Nxc4 bxc4 24. Rb1 c3 25. Rb3 c2 26.
Rc1 Rc6 27. h3 Rec8 28. Bd2 h6 29. f4 Rc4 30. Qe3 Rxd4 31. Kh1 Qe4 32. Qf2
Bh4 33. Qxh4 Rxd2 34. Qg4 Rc4 35. Rg3 Qg6 36. Qf3 Rd1+ 37. Kh2 Qxg3+ 38.
Kxg3 Rxc1 39. Qxd5 Rc3+ 40. Kg4 Re1 41. Qd8+ Kh7 42. Qd7 c1=Q 43. Qxf7 Rxe5
{ White resigns } 0-1

[Event "ICC tourney 2257 (45 10)"]
[Site "Internet Chess Club"]
[Date "2020.12.30"]
[Round "2"]
[White "fhunfi"]
[Black "DanSarnelli"]
[Result "1-0"]
[ICCResult "Black resigns"]
[WhiteElo "1693"]
[BlackElo "1409"]
[Opening "French defense"]
[ECO "C01"]
[NIC "FR.01"]
[Time "13:32:12"]
[PlyCount "45"]
[TimeControl "2700+10"]

1. e4 e6 2. d4 b6 3. Nc3 Bb7 4. Bd3 Nf6 5. Nge2 Be7 6. f4 O-O 7. O-O c5 8.
e5 Nd5 9. Nxd5 exd5 10. c3 d6 11. Rf3 Na6 12. Rh3 h6 13. Ng3 c4 14. Bc2 Bc8
15. f5 dxe5 16. dxe5 Nc7 17. Nh5 Bg5 18. Rg3 Ne8 19. Bxg5 hxg5 20. h4 gxh4
21. Rxg7+ Kh8 22. Qd2 Nxg7 23. Qh6+ { Black resigns } 1-0

[Event "ICC tourney 2257 (45 10)"]
[Site "Internet Chess Club"]
[Date "2020.12.30"]
[Round "2"]
[White "krishghosh"]
[Black "akshajp"]
[Result "1-0"]
[ICCResult "Black checkmated"]
[WhiteElo "1520"]
[BlackElo "1403"]
[Opening "Queen's pawn: London system"]
[ECO "A45"]
[NIC "QP.07"]
[Time "13:31:45"]
[PlyCount "99"]
[TimeControl "2700+10"]

1. d4 Nf6 2. Bf4 d6 3. Nd2 c6 4. Ngf3 g6 5. c3 Bg7 6. h3 Nbd7 7. e3 c5 8.
Be2 b6 9. O-O Bb7 10. Rc1 Rc8 11. Re1 O-O 12. Qb3 h6 13. Qa4 Bc6 14. Bb5
Qc7 15. Bxc6 Qxc6 16. Qa3 a5 17. b3 Rfd8 18. Red1 Ra8 19. c4 a4 20. b4 cxb4
21. Qxb4 a3 22. Rc3 Ra4 23. Qb5 Qxb5 24. cxb5 Nd5 25. Rc4 Rxc4 26. Nxc4
Nxf4 27. exf4 Ra8 28. Rd3 Ra4 29. Nxa3 Ra7 30. Re3 e6 31. Nc4 d5 32. Ra3
Rc7 33. Nce5 Bxe5 34. Nxe5 Nxe5 35. dxe5 Kg7 36. Ra6 Rb7 37. Kf1 g5 38. g3
Kg6 39. Ke2 Kf5 40. Kf3 gxf4 41. gxf4 h5 42. Ra8 Kg6 43. Kg3 Kf5 44. f3 h4+
45. Kf2 Kxf4 46. Ra4+ Kg5 47. Rg4+ Kf5 48. f4 d4 49. Kf3 d3 50. Rg5# {
Black checkmated } 1-0

[Event "ICC tourney 2257 (45 10)"]
[Site "Internet Chess Club"]
[Date "2020.12.30"]
[Round "2"]
[White "pusheen2019"]
[Black "Supersky"]
[Result "1-0"]
[ICCResult "Black resigns"]
[WhiteElo "1499"]
[BlackElo "1312"]
[Opening "Sicilian: Alapin's variation (2.c3)"]
[ECO "B22"]
[NIC "SI.46"]
[Time "13:31:42"]
[PlyCount "71"]
[TimeControl "2700+10"]

1. e4 c5 2. c3 d6 3. d4 cxd4 4. cxd4 Nf6 5. Nc3 a6 6. Bd3 b5 7. a3 e5 8. d5
Nbd7 9. b4 Be7 10. Nge2 O-O 11. O-O Bb7 12. Ng3 Rc8 13. Bb2 Nb6 14. Nf5 Nc4
15. Bc1 Re8 16. Qb3 Qd7 17. a4 Nh5 18. axb5 axb5 19. Qd1 Nf4 20. Bxf4 exf4
21. Qg4 Qxf5 22. exf5 Ne5 23. Qd1 Rxc3 24. Bxb5 Rec8 25. Ra7 Rb8 26. Qa1
Rb3 27. Rxb7 Rxb7 28. Qa8+ Bf8 29. Qxb7 Rxb4 30. Qa6 Ng4 31. h3 Nh6 32. Bd3
Rd4 33. Qb5 f6 34. Rc1 Nf7 35. Rc8 Ne5 36. Qe8 { Black resigns } 1-0